 Dungeon Crawl Stone Soup version 0.26-a0-663-g36e8fdb655 (webtiles) character file.

Game seed: 7540782382806792649

4440 robertstho the Magician (level 10, 0/74 HPs)
             Began as a Gnoll Air Elementalist on Oct 12, 2020.
             Was a Follower of Sif Muna.
             Slain by a bullfrog (5 damage)
             ... on level 8 of the Dungeon.
             The game lasted 00:15:43 (9351 turns).

robertstho the Magician (Gnoll Air Elementalist)    Turns: 9351, Time: 00:15:44

Health: 0/74       AC:  4    Str: 14    XL:     10   Next: 37%
Magic:  12/21      EV: 17    Int: 21    God:    Sif Muna [*.....]
Gold:   589        SH:  0    Dex: 16    Spells: 8/23 levels left

rFire    x . .     SeeInvis .   A - +6 war axe of Dissolution {drain, +Inv Str+4 Stlth+}
rCold    + . .     Faith    .   (no shield)
rNeg     . . .     Spirit   .   a - +0 robe
rPois    .         Reflect  .   (no helmet)
rElec    .         Harm     .   (no cloak)
rCorr    .         Rampage  .   I - +0 pair of gloves
MR       .....                  H - +0 pair of boots
Stlth    ++........             w - amulet of regeneration
HPRegen  0.62/turn              l - ring of ice
MPRegen  0.17/turn              (no ring)

@: lethally poisoned (0 -> -1), swift, very slow
A: distributed training, fangs 1, strong nose
a: Channel Magic, Renounce Religion, Evoke Invisibility


You were on level 8 of the Dungeon.
You worshipped Sif Muna.
Sif Muna was aware of your devotion.
You visited 1 branch of the dungeon, and saw 8 of its levels.
You also visited: Ossuary.

You collected 589 gold pieces.

Inventory:

Hand Weapons
 s - a +2 dagger of holy wrath
 u - a +2 dagger of venom
 A - the +6 war axe of Dissolution (weapon) {drain, +Inv Str+4 Stlth+}
   (You found it on level 6 of the Dungeon)

   A truly terrible weapon, it drains the life of those it strikes.
   It affects your strength (+4).
   It lets you turn invisible.
   It makes you more stealthy.
Missiles
 b - 6 silver javelins (quivered)
 D - 17 poisoned darts
Armour
 a - a +0 robe (worn)
 H - a +0 pair of boots (worn)
 I - a +0 pair of gloves (worn)
Jewellery
 l - a ring of ice (left hand)
 w - an amulet of regeneration (around neck)
Wands
 p - a wand of disintegration (26)
 C - a wand of iceblast (20)
 G - a wand of acid (7)
Scrolls
 e - 2 scrolls of fog
 j - 5 scrolls of teleportation
 m - a scroll of enchant armour {unknown}
 o - 2 scrolls of fear
 x - 3 scrolls of remove curse {unknown}
 y - 2 scrolls of amnesia
 z - a scroll of noise {unknown}
 B - a scroll of vulnerability {unknown}
 F - a scroll of blinking {unknown}
Potions
 c - a potion of cancellation
 d - a potion of resistance {unknown}
 f - a potion of magic {unknown}
 g - a potion of brilliance {unknown}
 h - 2 potions of flight {unknown}
 i - 2 potions of stabbing {unknown}
 k - 3 potions of curing {unknown}
 q - 4 potions of heal wounds {unknown}
 r - 2 potions of haste
 t - 2 potions of berserk rage
 v - 5 potions of might
 J - a potion of lignification {unknown}


   Skills:
 + Level 5.2 Fighting
 + Level 5.2 Short Blades
 + Level 5.2 Long Blades
 + Level 5.2 Axes
 + Level 5.2 Maces & Flails
 + Level 5.2 Polearms
 + Level 5.2 Staves
 + Level 5.2 Slings
 + Level 5.2 Bows
 + Level 5.2 Crossbows
 + Level 5.2 Throwing
 + Level 5.2 Armour
 + Level 7.0 Dodging
 + Level 6.7 Stealth
 + Level 5.2 Shields
 + Level 5.2 Unarmed Combat
 + Level 7.3 Spellcasting
 + Level 4.8 Conjurations
 + Level 4.3 Hexes
 + Level 4.3 Summonings
 + Level 4.3 Necromancy
 + Level 4.3 Translocations
 + Level 4.3 Transmutations
 + Level 4.3 Fire Magic
 + Level 4.3 Ice Magic
 + Level 7.0 Air Magic
 + Level 4.3 Earth Magic
 + Level 4.3 Poison Magic
 + Level 5.7 Invocations
 + Level 5.2 Evocations


You had 8 spell levels left.
You knew the following spells:

 Your Spells              Type           Power        Failure   Level
a - Shock                 Conj/Air       ####         1%          1
b - Swiftness             Air            #####...     1%          2
c - Static Discharge      Conj/Air       ####....     2%          3
d - Airstrike             Air            #####.....   4%          4
e - Lightning Bolt        Conj/Air       ####......   21%         5

Your spell library contained the following spells:

 Spells                   Type           Power        Failure   Level


Dungeon Overview and Level Annotations

Branches:
Dungeon (8/15)             Temple (0/1) D:7            Lair (0/6) D:8
Ossuary (visited)

Altars:
Gozag
Nemelex Xobeh
Sif Muna

Shops:
D:4 (

Portals:
Bailey: D:8

Annotations:
D:8 Psyche


Innate Abilities, Weirdness & Mutations

Your experience applies equally to all skills.
You have very sharp teeth.
Your uncanny sense of smell can sniff out nearby items.


Message History

The centaur shoots an arrow.
The arrow misses you.
The arrow hits the bullfrog!
You hear a splash.
The bullfrog barely misses you.
The water moccasin completely misses you.
The bullfrog completely misses you.
The centaur shoots an arrow.
The arrow hits you!
* * * LOW HITPOINT WARNING * * *
You hear a splash.
Your unstable footing causes you to fumble your attack.
The bullfrog completely misses you. The water moccasin bites you.
* * * LOW HITPOINT WARNING * * *
The bullfrog misses you.
The centaur shoots an arrow.
The arrow hits you!
* * * LOW HITPOINT WARNING * * *
You hear a splash.
The goblin hits you but does no damage. The bullfrog hits you.
* * * LOW HITPOINT WARNING * * *
The water moccasin bites you.
* * * LOW HITPOINT WARNING * * *
The bullfrog hits you.
You die...

......P....####....,,,,*
.PP..P..P..##......,,,,*
P.....P...###.≈≈≈≈≈≈≈,,**
P.PPP.....##..≈#*###≈,,,*
.PPP.......)..≈#,..#≈,,,*
P.P...........≈#,∩.#≈,,,*
PP.....PP.?...≈#,g.#≈,..*
PP....PPPP...@F##g##≈...*
PP.PP..PSP....SF@≈≈≈≈..$*
.P...PP.PPPP#YBSF.......*
,.P.>.PP...P...#...c....*
,,,.....PPPF...#........*
,,,,P..PP......#.....>..*
,,^,,.PP.P.....#........*
,,,,,,P.P......#........*
,,,,,,,P.....(.#........*
,,,,,,,,.......*...!...,*


You could see Psyche (fast), a yak, 2 water moccasins, 4 bullfrogs, a centaur, a
worker ant and 2 goblins.

Vanquished Creatures
  A two-headed ogre (D:8)
  Pikel (D:7)
  Joseph (D:7)
  Prince Ribbit (D:5)
  Sigmund (D:5)
  Eustachio (D:4)
  A water moccasin (D:8)
  A sky beast (D:7)
  2 orc warriors (D:7)
  A phantom (D:7)
  2 ogres
  A centaur (D:7)
  A bullfrog (D:4)
  A gnoll sergeant (D:6)
  2 scorpions
  9 killer bees
  4 vampire bats (D:4)
  2 howler monkeys
  2 hounds (D:5)
  A centaur skeleton (D:6)
  5 orc priests
  4 orc wizards
  Ijyb (D:3)
  A bullfrog skeleton (D:6)
  An iguana (D:5)
  Natasha (thrice) (D:2)
  4 worker ants
  A big kobold zombie (Ossuary)
  8 mummies (Ossuary)
  5 gnolls
  11 adders
  2 shadow imps (D:6)
  2 ufetubi
  An adder skeleton (D:7)
  2 dart slugs
  2 leopard geckos (D:4)
  21 orcs
  5 giant cockroaches
  A gnoll zombie (Ossuary)
  5 hobgoblins
  9 jackals
  3 quokkas
  A ball python (D:6)
  9 bats
  6 frilled lizards
  7 goblins
  2 hobgoblin zombies (Ossuary)
  6 kobolds
  2 kobold zombies (Ossuary)
  2 orc zombies (Ossuary)
  A quokka zombie (D:7)
  2 rats
171 creatures vanquished.

Vanquished Creatures (others)
  16 fungi (D:8)
  14 plants (D:8)
30 creatures vanquished.

Grand Total: 201 creatures vanquished

Notes
Turn   | Place    | Note
-------+----------+-------------------------------------------
     0 | D:1      | robertstho the Gnoll Air Elementalist began the quest for
                  | the Orb.
     0 | D:1      | Reached XP level 1. HP: 13/13 MP: 6/6
   101 | D:1      | Found a sparkling altar of Nemelex Xobeh.
   269 | D:1      | Reached XP level 2. HP: 19/19 MP: 4/7
   552 | D:2      | Learned a level 2 spell: Swiftness
   950 | D:2      | Reached skill level 5 in Spellcasting
   950 | D:2      | Reached XP level 3. HP: 25/25 MP: 5/9
  1015 | D:2      | Reached skill level 1 in Invocations
  1080 | D:2      | Reached skill level 1 in Fighting
  1080 | D:2      | Reached skill level 1 in Short Blades
  1080 | D:2      | Reached skill level 1 in Long Blades
  1080 | D:2      | Reached skill level 1 in Axes
  1080 | D:2      | Reached skill level 1 in Maces & Flails
  1080 | D:2      | Reached skill level 1 in Polearms
  1080 | D:2      | Reached skill level 1 in Staves
  1080 | D:2      | Reached skill level 1 in Slings
  1080 | D:2      | Reached skill level 1 in Bows
  1080 | D:2      | Reached skill level 1 in Crossbows
  1080 | D:2      | Reached skill level 1 in Throwing
  1080 | D:2      | Reached skill level 1 in Armour
  1080 | D:2      | Reached skill level 1 in Shields
  1080 | D:2      | Reached skill level 1 in Unarmed Combat
  1080 | D:2      | Reached skill level 1 in Evocations
  1141 | D:2      | Noticed Natasha
  1149 | D:2      | Killed Natasha
  1149 | D:2      | Reached XP level 4. HP: 22/32 MP: 1/11
  1211 | D:2      | Noticed Natasha
  1510 | D:2      | Killed Natasha
  1510 | D:2      | Reached skill level 1 in Hexes
  1510 | D:2      | Reached skill level 1 in Summonings
  1510 | D:2      | Reached skill level 1 in Necromancy
  1510 | D:2      | Reached skill level 1 in Translocations
  1510 | D:2      | Reached skill level 1 in Transmutations
  1510 | D:2      | Reached skill level 1 in Fire Magic
  1510 | D:2      | Reached skill level 1 in Ice Magic
  1510 | D:2      | Reached skill level 1 in Earth Magic
  1510 | D:2      | Reached skill level 1 in Poison Magic
  1668 | D:2      | Noticed Natasha
  1671 | D:2      | Killed Natasha
  1671 | D:2      | Reached XP level 5. HP: 19/37 MP: 8/12
  2155 | D:3      | Noticed Ijyb
  2167 | D:3      | Killed Ijyb
  2591 | D:3      | Learned a level 3 spell: Static Discharge
  2596 | D:3      | Learned a level 4 spell: Airstrike
  2937 | D:3      | Reached XP level 6. HP: 29/44 MP: 4/13
  3449 | D:3      | Learned a level 5 spell: Lightning Bolt
  3532 | D:4      | Reached skill level 5 in Dodging
  4017 | D:4      | Reached XP level 7. HP: 42/50 MP: 0/15
  4238 | D:4      | Reached skill level 5 in Stealth
  4452 | D:4      | Noticed Eustachio
  4468 | D:4      | Killed Eustachio
  4468 | D:4      | Reached XP level 8. HP: 41/57 MP: 5/16
  4557 | D:4      | Found Bimuum's Antique Weapon Emporium.
  5024 | D:5      | Entered Level 5 of the Dungeon
  5024 | D:5      | Noticed Sigmund
  5026 | D:5      | Killed Sigmund
  5680 | D:5      | Noticed Prince Ribbit
  5696 | D:5      | Killed Prince Ribbit
  6427 | D:6      | Reached XP level 9. HP: 63/65 MP: 18/18
  6717 | D:6      | Got a pitted war axe
  6717 | D:6      | Identified the +6 war axe of Dissolution {drain, +Inv Str+4
                  | Stlth+} (You found it on level 6 of the Dungeon)
  7053 | D:7      | Found a staircase to the Ecumenical Temple.
  7070 | D:7      | Found a shimmering blue altar of Sif Muna.
  7083 | D:7      | Became a worshipper of Sif Muna the Loreminder
  7205 | D:7      | Found an opulent altar of Gozag.
  7290 | D:7      | Found a sand-covered staircase.
  7295 | Ossuary  | Entered an ossuary
  7651 | D:7      | Noticed Pikel
  7659 | D:7      | Killed Pikel
  7826 | D:7      | Reached skill level 5 in Invocations
  8103 | D:7      | Reached * piety under Sif Muna
  8708 | D:7      | Reached XP level 10. HP: 61/73 MP: 15/20
  8987 | D:7      | Noticed Joseph
  9003 | D:7      | Killed Joseph
  9003 | D:7      | Reached skill level 5 in Fighting
  9003 | D:7      | Reached skill level 5 in Short Blades
  9003 | D:7      | Reached skill level 5 in Long Blades
  9003 | D:7      | Reached skill level 5 in Axes
  9003 | D:7      | Reached skill level 5 in Maces & Flails
  9003 | D:7      | Reached skill level 5 in Polearms
  9003 | D:7      | Reached skill level 5 in Staves
  9003 | D:7      | Reached skill level 5 in Slings
  9003 | D:7      | Reached skill level 5 in Bows
  9003 | D:7      | Reached skill level 5 in Crossbows
  9003 | D:7      | Reached skill level 5 in Throwing
  9003 | D:7      | Reached skill level 5 in Armour
  9003 | D:7      | Reached skill level 5 in Shields
  9003 | D:7      | Reached skill level 5 in Unarmed Combat
  9003 | D:7      | Reached skill level 5 in Evocations
  9178 | D:8      | Noticed a two-headed ogre
  9185 | D:8      | Killed a two-headed ogre
  9339 | D:8      | Found a staircase to the Lair.
  9339 | D:8      | Noticed Psyche
  9349 | D:8      | Found a flagged portal.
  9351 | D:8      | Slain by a bullfrog

Illustrated notes

Levels and vault maps discovered:
D:1:      roderic_dead_forest, layout_rooms, nemelex_xobeh_ov_fountains_minmay
D:2:      layout_basic, uniq_natasha
D:3:      layout_basic, uniq_ijyb
D:4:      layout_gridville, serial_shops, nicolae_shop_behind_doors,
          minmay_misc_feat_rows, roderic_batcave, corexii_shack, uniq_eustachio
D:5:      layout_gridville, chequers_serial_rivers_micro_e,
          mrwooster_statue_mirror, uniq_prince_ribbit1, uniq_sigmund
D:6:      layout_rooms
D:7:      layout_loops_corners, nicolae_overflow_crystal_walls,
          minmay_temple_entry_enclosed_plants, enter_ossuary_2, nrook_uturn,
          skrybe_limestone_x, nicolae_gozag_cash_rules_everything_around_me,
          uniq_joseph, uniq_pikel
D:8:      layout_gridville, due_lair_maze_entry_diamond, enter_bailey_3,
          serial_shops, kennysheep_little_box, uniq_maurice, uniq_erica,
          uniq_psyche

Skill      XL: |  1  2  3  4  5  6  7  8  9 10 |
---------------+-------------------------------+-----
Conjurations   | 2 3 4 |  4.8
Spellcasting   | 5 6 7 |  7.3
Invocations    | 1 2 3 4 5 |  5.7
Fighting       | 1 2 3 4 5 |  5.2
Short Blades   | 1 2 3 4 5 |  5.2
Long Blades    | 1 2 3 4 5 |  5.2
Axes           | 1 2 3 4 5 |  5.2
Maces & Flails | 1 2 3 4 5 |  5.2
Polearms       | 1 2 3 4 5 |  5.2
Staves         | 1 2 3 4 5 |  5.2
Slings         | 1 2 3 4 5 |  5.2
Bows           | 1 2 3 4 5 |  5.2
Crossbows      | 1 2 3 4 5 |  5.2
Throwing       | 1 2 3 4 5 |  5.2
Armour         | 1 2 3 4 5 |  5.2
Shields        | 1 2 3 4 5 |  5.2
Unarmed Combat | 1 2 3 4 5 |  5.2
Evocations     | 1 2 3 4 5 |  5.2
Hexes          | 1 2 3 4 |  4.3
Summonings     | 1 2 3 4 |  4.3
Necromancy     | 1 2 3 4 |  4.3
Translocations | 1 2 3 4 |  4.3
Transmutations | 1 2 3 4 |  4.3
Fire Magic     | 1 2 3 4 |  4.3
Ice Magic      | 1 2 3 4 |  4.3
Earth Magic    | 1 2 3 4 |  4.3
Poison Magic   | 1 2 3 4 |  4.3
Dodging        | 5 6 7 |  7.0
Stealth        | 5 6 |  6.7
Air Magic      | 6 7 |  7.0

Action                   |  1- 3 |  4- 6 |  7- 9 | 10-12 || total
-------------------------+-------+-------+-------+-------++-------
Melee: Dagger            |       |    35 |   104 |       ||   139
       Bite              |       |       |    12 |     1 ||    13
       Punch             |       |       |     3 |       ||     3
       War axe           |       |       |    63 |     9 ||    72
 Cast: Shock             |    41 |    90 |    13 |     2 ||   146
       Airstrike         |       |     7 |    53 |    13 ||    73
       Static Discharge  |       |     2 |     4 |       ||     6
       Swiftness         |       |       |       |     1 ||     1
  Use: Scroll            |       |     5 |     6 |     2 ||    13
 Stab: Sleeping          |       |       |    11 |       ||    11
Armor: Robe              |       |     5 |    26 |     1 ||    32
Dodge: Dodged            |     2 |    38 |   181 |    31 ||   252

Table legend: (Time is in decaauts)
 A = Elapsed time spent in this place.
 B = Non-inter-level travel time spent in this place.
 C = Inter-level travel time spent in this place.
 D = Time resting spent in this place.
 E = Time spent auto-exploring this place.
 F = Levels seen in this place.
 G = Mean time per level.
                   A        B        C        D        E       F      G
               +--------+--------+--------+--------+--------+-----+--------+
         Total |   9383 |   8800 |    583 |    770 |   6945 |   9 | 1042.6 |
       Dungeon |   9109 |   8526 |    583 |    714 |   6805 |   8 | 1138.6 |
       Ossuary |    274 |    274 |      0 |     56 |    140 |   1 |  274.0 |
               +--------+--------+--------+--------+--------+-----+--------+

Top non-repeatable levels by time:
     D:3: 1648 daAuts
     D:4: 1630 daAuts
     D:7: 1564 daAuts
     D:5: 1413 daAuts
     D:2: 1375 daAuts
     D:6: 738 daAuts
     D:1: 542 daAuts
 Ossuary: 274 daAuts
     D:8: 197 daAuts
